 Dungeon Crawl Stone Soup version 0.20.1-1-g8b1a95d (webtiles) character file.

38 Irenicus the Magician (level 3, -1/28 HPs)
             Began as a Deep Dwarf Wizard on Nov 6, 2017.
             Killed from afar by Natasha (8 damage)
             ... with a magic dart
             ... on level 2 of the Dungeon.
             The game lasted 00:03:32 (459 turns).

Irenicus the Magician (Deep Dwarf Wizard)            Turns: 459, Time: 00:03:32

Health: -1/28      AC:  2    Str: 10    XL:     3   Next: 25%
Magic:  2/7        EV: 18    Int: 19    God:
Gold:   16         SH:  0    Dex: 16    Spells: 7/8 levels left

rFire    . . .     SeeInvis .   f - +0 club
rCold    . . .     Gourm    .   (no shield)
rNeg     . . .     Faith    .   a - +0 robe
rPois    .         Spirit   .   b - +0 hat
rElec    .         Reflect  .   (no cloak)
rCorr    .         Harm     .   (no gloves)
MR       .....                  (no boots)
Stlth    +++.......             (no amulet)
Regen    0.0/turn               (no ring)
MPRegen  0.1/turn               (no ring)

@: agile, non-regenerating
A: damage resistance, heal wounds, sense surroundings 1, no regeneration
a: Heal Wounds


You were on level 2 of the Dungeon.
You were not hungry.

You visited 1 branch of the dungeon, and saw 2 of its levels.

You collected 16 gold pieces.

Inventory:

Hand Weapons
 f - a +0 club (weapon)
Armour
 a - a +0 robe (worn)
 b - a +0 hat (worn)
Potions
 e - a potion of agility
Books
 c - a book of Minor Magic

   Spells                             Type                      Level
   a - Magic Dart                     Conjuration                  1
   b - Blink                          Translocation                2
   c - Call Imp                       Summoning                    2
   d - Slow                           Hexes                        2
   e - Conjure Flame                  Conjuration/Fire             3
   f - Mephitic Cloud                 Conjuration/Poison/Air       3
Comestibles
 d - a bread ration
 g - a royal jelly


   Skills:
 - Level 2.1 Dodging
 - Level 2.4 Stealth
 - Level 3.0 Spellcasting
 + Level 2.5 Conjurations
   Level 0.8 Summonings
   Level 1.1 Translocations


You had 7 spell levels left.
You knew the following spells:

 Your Spells              Type           Power        Failure   Level  Hunger
a - Magic Dart            Conj           ##..         5%          1    None


Dungeon Overview and Level Annotations

Branches:
Dungeon (2/15)

Altars:

Annotations:
D:2 Natasha


Innate Abilities, Weirdness & Mutations

You are resistant to damage.
You can heal yourself by infusing magical energy.
You passively map a small area around you.
You do not regenerate.


Message History

Natasha howls an incantation.
Natasha glows brightly for a moment.
Things that are here:
a club; the felid corpse of Natasha
f - a club The crimson imp disappears in a puff of smoke!
Natasha growls.
Natasha misses you.
Wield which item (- for none, * to show all)? (? for menu, Esc to quit)
f - a +0 club (weapon)
Natasha misses you.
You barely miss Natasha.
Natasha is moderately wounded.
Natasha claws you!
* * * LOW HITPOINT WARNING * * *
You barely miss Natasha.
Natasha is moderately wounded.
Natasha stares at you and mumbles some strange words.
The magic dart hits you!
You die...

...####....... , ,
...##........##* *
...# #..####..# , ...#
##.†...#.# *,
...###..#...#.## *,...
##.....##...#%.## ...,
, .#####$##...#...##
...#
.......!....###..#...#
##..........# ##@#...#
* * ####.......#
#h....# #.......#
#..#..# , ,
.......##.###.....# *
** *
###...............#
#.............### *
................# , ,
##..#........#........
,..##........###......


You could see Natasha.

Vanquished Creatures
  Natasha (D:2)
  A leopard gecko (D:2)
  A ball python (D:1)
  A goblin (D:1)
  2 hobgoblins
  2 jackals (D:1)
  A kobold (D:1)
  2 rats
11 creatures vanquished.

Notes
Turn   | Place    | Note
-------+----------+-------------------------------------------
     0 | D:1      | Irenicus the Deep Dwarf Wizard began the quest for the Orb.
     0 | D:1      | Reached XP level 1. HP: 15/15 MP: 4/4
   123 | D:1      | Reached skill level 1 in Conjurations
   235 | D:1      | Reached skill level 3 in Spellcasting
   276 | D:1      | Reached XP level 2. HP: 10/22 MP: 1/6
   322 | D:2      | Noticed Natasha
   341 | D:2      | Noticed a crimson imp
   388 | D:2      | Killed Natasha
   388 | D:2      | Reached XP level 3. HP: 14/28 MP: 1/7
   421 | D:2      | Noticed Natasha
   459 | D:2      | Killed from afar by Natasha

Skill      XL: |  1  2 |
---------------+-------+-----
Conjurations   | 1 2 |  2.5
Spellcasting   | 3 |  3.0
Dodging        | |  2.1
Stealth        | |  2.4
Summonings     | |  0.8
Translocations | |  1.1

Action                   || total
-------------------------++-------
Melee: Unarmed           ||    58
       Club              ||     2
 Cast: Magic Dart        ||    35
 Abil: Heal Wounds       ||     3
  Use: Potion            ||     3
Armor: Robe              ||     6
Dodge: Dodged            ||    56
